AoeStats
← .RamroD.

Arabia

510442882Analyzed
2v2 RM · 2d ago on Oct 1, 2026· 61m 48s· 4 players
Game mode
Random Map
Map size
Medium (4 player)
Population
200
Speed
Normal
Resources
Standard
Victory
Conquest
Starting age
Dark Age
Ending age
Imperial Age
RankedLock teamsTeams togetherTeam positionsShared explorationLock speedFull tech treeHidden civsTurbo modeCheats
Victory
Defeat
🇨🇱 Huns · Chile
889
+11
🇨🇱 Franks · Chile
671
+20
🇺🇸 Danes · United States
790
-16
🇺🇸 Spanish · United States
754
-15
.RamroD.
10:29 Loom
12:14 Feudal Age
13:47 Double-Bit Axe
13:48 Man-at-Arms
14:14 Arson
18:04 Forging
17:54 Scale Mail Armor
24:47 Castle Age
28:52 Bow Saw
36:43 Imperial Age
36:17 Elite Skirmisher
50:36 Ballistics
51:47 Gold Mining
55:13 Squires
54:33 Pikeman
56:18 Halberdier
kingfisher1108
11:20 Feudal Age
19:53 Loom
22:50 Castle Age
24:07 Light Cavalry
27:26 Double-Bit Axe
27:22 Horse Collar
35:53 Fletching
36:03 Padded Archer Armor
36:15 Scale Barding Armor
37:41 Bloodlines
41:40 Imperial Age
40:53 Chain Barding Armor
45:55 Chemistry
54:25 Capped Ram
57:26 Elite Conquistador
58:02 Pikeman
fer.fuentes.g90
1:51 Loom
13:31 Feudal Age
15:12 Wheelbarrow
15:17 Gold Mining
18:29 Arson
19:28 Double-Bit Axe
19:33 Town Watch
26:57 Castle Age
29:27 Hand Cart
31:27 Husbandry
30:52 Light Cavalry
34:36 Gold Shaft Mining
33:52 Stone Mining
34:14 Bow Saw
34:17 Town Patrol
34:51 Squires
34:11 Pikeman
34:39 Gambesons
44:13 Imperial Age
42:41 Man-at-Arms
46:00 Cranequins
46:15 Cavalier
49:11 Elite Skirmisher
53:17 Ballistics
Patoko6966
0:51 Loom
11:42 Feudal Age
14:22 Horse Collar
15:39 Double-Bit Axe
17:21 Wheelbarrow
19:01 Bloodlines
20:40 Fletching
29:19 Castle Age
28:08 Forging
28:20 Scale Barding Armor
28:09 Town Watch
30:17 Husbandry
30:40 Light Cavalry
31:58 Hand Cart
33:26 Thumb Ring
34:10 Bodkin Arrow
37:02 Iron Casting
38:52 Ballistics
38:27 Murder Holes
44:46 Imperial Age
46:12 Cavalier
46:56 Bracer
48:06 Conscription
49:04 Parthian Tactics
50:29 Chemistry
50:43 Gold Mining
56:04 Heavy Cavalry Archer
57:45 Paladin
58:43 Hussar
61:50 Blast Furnace
Connection lost

Rejoining the realm…

Still unreachable

The connection could not be restored.

Session expired

The server has moved on; the page needs a fresh start.